| TOP OF THE 1ST |
|
Charlotte Hornets batting - Pitching for Birmingham Barons : RHP Buddy Maher
|
|
Pitching: RHP Buddy Maher
|
|
|
Batting: RHB Richard Bass
|
0-0: Ball 1-0: Ball 2-0: Ball 3-0: Called Strike 3-1: Swinging Strike 3-2: Base on Balls
|
|
Batting: RHB Tom Romano
|
0-0: Called Strike 0-1: SINGLE (Line Drive, 56, EV 103.1 MPH) Richard Bass to second
|
|
Batting: RHB Guy Sularz
|
0-0: Called Strike 0-1: Called Strike 0-2: Ball 1-2: Ball 2-2: Fielders Choice at 2nd, 3-6 (Groundball, 34, EV 85.6 MPH) Richard Bass to third
|
|
Batting: RHB Don Lyle
|
0-0: Foul Ball, location: 2F 0-1: SINGLE (Groundball, 56D, EV 94.4 MPH) Richard Bass scores Guy Sularz to second
|
|
Batting: RHB Juan Bonilla
|
0-0: SINGLE (Line Drive, 78S, EV 104.4 MPH) Guy Sularz to third Don Lyle to second Runner from 3rd tries for Home, SAFE, no throw by LF
|
|
Batting: RHB Ed Jurak
|
0-0: Ball 1-0: SINGLE (Line Drive, 78M, EV 91.3 MPH) Don Lyle to third Juan Bonilla to second Throwing error, E8 Don Lyle scores Juan Bonilla to third Ed Jurak to second
|
|
Batting: RHB Mickey Klutts
|
0-0: Ball 1-0: Called Strike 1-1: Ball 2-1: Called Strike 2-2: Fly out, F8 (Flyball, 89S, EV 90.6 MPH)
|
|
Batting: RHB Luther Wrenn
|
0-0: Ball 1-0: Swinging Strike 1-1: Swinging Strike 1-2: Foul Ball, location: 2F 1-2: Foul Ball, location: 2F 1-2: Hit by Pitch
|
|
Batting: RHB David Peterson
|
0-0: Fly out, F8 (Flyball, 8RXD, EV 107.5 MPH)
|
| Top of the 1st over - 3 runs, 4 hits, 1 error, 3 left on base; Charlotte 3 - Birmingham 0 |
| BOTTOM OF THE 1ST |
|
Birmingham Barons batting - Pitching for Charlotte Hornets : RHP Floyd Chiffer
|
|
Pitching: RHP Floyd Chiffer
|
|
|
Batting: SHB Rod Craig
|
0-0: Ball 1-0: Ball 2-0: Called Strike 2-1: SOLO HOME RUN (Line Drive, 89XD, EV 105.0 MPH), Distance : 410 ft
|
|
Batting: RHB Alfred Welch
|
0-0: Called Strike 0-1: Swinging Strike 0-2: Foul Ball, location: 2F 0-2: Foul Ball, location: 2F 0-2: Fly out, F9 (Flyball, 9D, EV 94.4 MPH)
|
|
Batting: LHB Ronald Little
|
0-0: Foul Ball, location: 2F 0-1: Foul Ball, location: 2F 0-2: Ball 1-2: Reached on error, E4 (Groundball, 4, EV 75.0 MPH)
|
|
Batting: LHB Vernon Ramie
|
0-0: Ball 1-0: Foul Ball, location: 2F 1-1: Ball 2-1: Ball 3-1: Called Strike 3-2: Foul Ball, location: 2F 3-2: Foul Ball, location: 2F 3-2: Foul Ball, location: 2F 3-2: Foul Ball, location: 2F 3-2: 2-RUN HOME RUN (Flyball, 78XD, EV 101.9 MPH), Distance : 422 ft
|
|
Batting: RHB Jordan Arredondo
|
0-0: Ball 1-0: SINGLE (Groundball, 6D, EV 105.6 MPH)
|
|
Batting: RHB Darrell Vosejpka
|
0-0: Fly out, F7 (Line Drive, 7, EV 95.6 MPH)
|
|
Batting: RHB Nick Hernandez
|
0-0: Swinging Strike Passed Ball! Jordan Arredondo to second 0-1: Ball 1-1: Ball 2-1: Ground out 6-3 (Groundball, 6, EV 102.5 MPH)
|
| Bottom of the 1st over - 3 runs, 3 hits, 1 error, 1 left on base; Charlotte 3 - Birmingham 3 |
| TOP OF THE 2ND |
|
Charlotte Hornets batting - Pitching for Birmingham Barons : RHP Buddy Maher
|
|
Batting: RHB Richard Bass
|
0-0: Called Strike 0-1: Ball 1-1: Swinging Strike 1-2: Ground out 6-3 (Groundball, 6, EV 88.1 MPH)
|
|
Batting: RHB Tom Romano
|
0-0: Ball 1-0: Foul Ball, location: 2F 1-1: Ground out 6-3 (Groundball, 6, EV 111.9 MPH)
|
|
Batting: RHB Guy Sularz
|
0-0: Ball 1-0: SOLO HOME RUN (Flyball, 78XD, EV 95.0 MPH), Distance : 408 ft
|
|
Batting: RHB Don Lyle
|
0-0: Ball 1-0: Ball 2-0: Called Strike 2-1: Ball 3-1: Called Strike 3-2: Strikes out looking
|
| Top of the 2nd over - 1 run, 1 hit, 0 errors, 0 left on base; Charlotte 4 - Birmingham 3 |
| BOTTOM OF THE 2ND |
|
Birmingham Barons batting - Pitching for Charlotte Hornets : RHP Floyd Chiffer
|
|
Batting: SHB Giampietro Pasquetto
|
0-0: Foul Ball, location: 2F 0-1: SINGLE (Groundball, 56S, EV 65.0 MPH) (infield hit)
|
|
Batting: SHB James Wallace
|
0-0: SINGLE (Groundball, 6M, EV 106.3 MPH) (infield hit) Giampietro Pasquetto to second
|
|
Batting: SHB Rod Craig
|
0-0: Called Strike 0-1: Ball 1-1: Fielders Choice at 2nd, 6-4 (Groundball, 6, EV 80.6 MPH) Giampietro Pasquetto to third
|
|
Batting: RHB Alfred Welch
|
0-0: Called Strike Rod Craig steals 2nd base 0-1: Ball 1-1: Ball 2-1: Foul Ball, location: 2F 2-2: Ball 3-2: SINGLE (Line Drive, 8LS, EV 112.5 MPH) Giampietro Pasquetto scores Rod Craig to third
|
|
Batting: LHB Ronald Little
|
0-0: Ball 1-0: Ball Alfred Welch steals 2nd base 2-0: SINGLE (Line Drive, 7S, EV 100.6 MPH) Rod Craig scores Alfred Welch to third
|
|
Batting: LHB Vernon Ramie
|
0-0: Ball 1-0: Swinging Strike 1-1: Foul Ball, location: 2F 1-2: Strikes out swinging
|
|
Batting: RHB Jordan Arredondo
|
0-0: Ball 1-0: Ball 2-0: Called Strike 2-1: SINGLE (Line Drive, 78S, EV 91.9 MPH) Alfred Welch scores Ronald Little to second Runner from 2nd tries for 3rd, SAFE, no throw by LF
|
|
Pitching: RHP Timothy Flannery
|
|
|
Batting: RHB Darrell Vosejpka
|
0-0: Foul Ball, location: 2F 0-1: Ball 1-1: Called Strike 1-2: Ball 2-2: Ball 3-2: Base on Balls Jordan Arredondo to second
|
|
Batting: RHB Nick Hernandez
|
0-0: Foul Ball, location: 2F 0-1: Ball 1-1: Ball 2-1: Foul Ball, location: 2F 2-2: Foul Ball, location: 2F 2-2: Ball 3-2: Foul Ball, location: 2F 3-2: Fly out, F7 (Flyball, 7LM, EV 90.6 MPH)
|
| Bottom of the 2nd over - 3 runs, 5 hits, 0 errors, 3 left on base; Charlotte 4 - Birmingham 6 |
| TOP OF THE 3RD |
|
Charlotte Hornets batting - Pitching for Birmingham Barons : RHP Buddy Maher
|
|
Batting: RHB Juan Bonilla
|
0-0: Called Strike 0-1: SINGLE (Line Drive, 8RS, EV 93.1 MPH)
|
|
Batting: RHB Ed Jurak
|
0-0: Ball 1-0: SINGLE (Groundball, 56D, EV 99.4 MPH) Juan Bonilla to second Juan Bonilla to third
|
|
Batting: RHB Mickey Klutts
|
0-0: Ball 1-0: TRIPLE (Groundball, 3L, EV 111.9 MPH) Juan Bonilla scores Ed Jurak scores
|
|
Pitching: RHP Michael Laurent
|
|
|
Batting: RHB Luther Wrenn
|
0-0: Ball 1-0: Called Strike 1-1: Swinging Strike 1-2: Ground out 1-3 (Groundball, 13, EV 83.8 MPH)
|
|
Batting: RHB David Peterson
|
0-0: Ball 1-0: Ball 2-0: Called Strike 2-1: Foul Ball, location: 2F 2-2: Strikes out swinging
|
|
Batting: RHB Richard Bass
|
0-0: Fly out, F7 (Flyball, 7S, EV 93.8 MPH)
|
| Top of the 3rd over - 2 runs, 3 hits, 0 errors, 1 left on base; Charlotte 6 - Birmingham 6 |
| BOTTOM OF THE 3RD |
|
Birmingham Barons batting - Pitching for Charlotte Hornets : RHP Timothy Flannery
|
|
Batting: SHB Giampietro Pasquetto
|
0-0: Ball 1-0: Called Strike 1-1: Ball 2-1: Ball 3-1: SINGLE (Flyball, 5D, EV 88.1 MPH)
|
|
Batting: SHB James Wallace
|
0-0: Ball Giampietro Pasquetto is caught stealing 2nd base 2-6 1-0: Ball 2-0: Called Strike 2-1: Ball 3-1: Foul Ball, location: 2F 3-2: Foul Ball, location: 2F 3-2: Foul Ball, location: 2F 3-2: Foul Ball, location: 2F 3-2: Base on Balls
|
|
Batting: SHB Rod Craig
|
0-0: SINGLE (Groundball, 34D, EV 107.5 MPH) James Wallace to second Runner from 2nd tries for 3rd, SAFE, no throw by RF
|
|
Batting: RHB Alfred Welch
|
0-0: Ball 1-0: Called Strike Rod Craig steals 2nd base 1-1: Fly out, F1 (Line Drive, P, EV 65.6 MPH)
|
|
Batting: LHB Ronald Little
|
0-0: Called Strike 0-1: Ball 1-1: TRIPLE (Line Drive, 8RXD, EV 101.3 MPH) James Wallace scores Rod Craig scores
|
|
Batting: LHB Vernon Ramie
|
0-0: Swinging Strike 0-1: Foul Ball, location: 2F 0-2: Foul Ball, location: 2F 0-2: Ball 1-2: Ground out 6-3 (Groundball, 6, EV 83.8 MPH)
|
| Bottom of the 3rd over - 2 runs, 3 hits, 0 errors, 1 left on base; Charlotte 6 - Birmingham 8 |
| TOP OF THE 4TH |
|
Charlotte Hornets batting - Pitching for Birmingham Barons : RHP Michael Laurent
|
|
Batting: RHB Tom Romano
|
0-0: Foul Ball, location: 2F 0-1: SOLO HOME RUN (Flyball, 7D, EV 87.5 MPH), Distance : 371 ft
|
|
Batting: RHB Guy Sularz
|
0-0: Ball 1-0: Swinging Strike 1-1: Ball 2-1: Ball 3-1: Base on Balls
|
|
Batting: RHB Don Lyle
|
0-0: Grounds into double play, 6-4-3 (Groundball, 6, EV 102.5 MPH)
|
|
Batting: RHB Juan Bonilla
|
0-0: Fly out, F8 (Flyball, 8LM, EV 89.4 MPH)
|
| Top of the 4th over - 1 run, 1 hit, 0 errors, 0 left on base; Charlotte 7 - Birmingham 8 |
| BOTTOM OF THE 4TH |
|
Birmingham Barons batting - Pitching for Charlotte Hornets : RHP Timothy Flannery
|
|
Batting: RHB Jordan Arredondo
|
0-0: Ball 1-0: Ball 2-0: Swinging Strike 2-1: Ground out 4-3 (Groundball, 4, EV 90.6 MPH)
|
|
Batting: RHB Darrell Vosejpka
|
0-0: Ball 1-0: Foul Ball, location: 2F 1-1: Called Strike 1-2: Ball 2-2: Fly out, F9 (Line Drive, 9, EV 104.4 MPH)
|
|
Batting: RHB Nick Hernandez
|
0-0: Fly out, F8 (Flyball, 89M, EV 79.4 MPH)
|
| Bottom of the 4th over - 0 runs, 0 hits, 0 errors, 0 left on base; Charlotte 7 - Birmingham 8 |
| TOP OF THE 5TH |
|
Charlotte Hornets batting - Pitching for Birmingham Barons : RHP Michael Laurent
|
|
Batting: RHB Ed Jurak
|
0-0: Ball 1-0: Called Strike 1-1: Ball 2-1: Ball 3-1: Called Strike 3-2: Fly out, F8 (Flyball, 8LD, EV 93.8 MPH)
|
|
Batting: RHB Mickey Klutts
|
0-0: Ball 1-0: Ball 2-0: Called Strike 2-1: SINGLE (Line Drive, 5D, EV 95.0 MPH)
|
|
Batting: RHB Luther Wrenn
|
0-0: Ball 1-0: Called Strike 1-1: Ball 2-1: Called Strike 2-2: Fly out, F9 (Line Drive, 9, EV 87.5 MPH)
|
|
Batting: RHB David Peterson
|
0-0: Ball 1-0: Foul Ball, location: 2F 1-1: Foul Ball, location: 2F 1-2: Ball 2-2: Foul Ball, location: 2F 2-2: Fly out, F8 (Flyball, 8LD, EV 98.1 MPH)
|
| Top of the 5th over - 0 runs, 1 hit, 0 errors, 1 left on base; Charlotte 7 - Birmingham 8 |
| BOTTOM OF THE 5TH |
|
Birmingham Barons batting - Pitching for Charlotte Hornets : RHP Timothy Flannery
|
|
Batting: SHB Giampietro Pasquetto
|
0-0: Called Strike 0-1: Ball 1-1: Foul Ball, location: 2F 1-2: Strikes out looking
|
|
Batting: SHB James Wallace
|
0-0: Ground out 4-3 (Groundball, 4S, EV 70.6 MPH)
|
|
Batting: SHB Rod Craig
|
0-0: Foul Ball, location: 2F 0-1: Foul Ball, location: 2F 0-2: Strikes out swinging
|
| Bottom of the 5th over - 0 runs, 0 hits, 0 errors, 0 left on base; Charlotte 7 - Birmingham 8 |
| TOP OF THE 6TH |
|
Charlotte Hornets batting - Pitching for Birmingham Barons : RHP Michael Laurent
|
|
Batting: RHB Richard Bass
|
0-0: Ball 1-0: Swinging Strike 1-1: Swinging Strike 1-2: Ball 2-2: Foul Ball, location: 2F 2-2: SOLO HOME RUN (Flyball, 89XD, EV 105.6 MPH), Distance : 442 ft
|
|
Batting: RHB Tom Romano
|
0-0: Ball 1-0: Called Strike 1-1: Called Strike 1-2: Strikes out swinging
|
|
Pitching: LHP Randall Boyce
|
|
|
Batting: RHB Guy Sularz
|
0-0: Called Strike 0-1: Ground out 6-3 (Groundball, 6, EV 78.8 MPH)
|
|
Batting: RHB Don Lyle
|
0-0: Ball 1-0: Foul Ball, location: 2F 1-1: Ball 2-1: Ball 3-1: Called Strike 3-2: Foul Ball, location: 2F 3-2: Strikes out looking
|
| Top of the 6th over - 1 run, 1 hit, 0 errors, 0 left on base; Charlotte 8 - Birmingham 8 |
| BOTTOM OF THE 6TH |
|
Birmingham Barons batting - Pitching for Charlotte Hornets : RHP Timothy Flannery
|
|
Pitching: RHP Doug Neuenschwander
|
|
|
Batting: RHB Alfred Welch
|
0-0: Foul Ball, location: 2F 0-1: Swinging Strike 0-2: Ball 1-2: Strikes out swinging
|
|
Batting: LHB Ronald Little
|
0-0: Called Strike 0-1: Ball 1-1: Called Strike 1-2: Ball 2-2: Strikes out looking
|
|
Batting: LHB Vernon Ramie
|
0-0: Ball 1-0: Ball 2-0: Called Strike 2-1: Ball 3-1: Base on Balls
|
|
Batting: RHB Jordan Arredondo
|
0-0: Ball 1-0: Ball 2-0: Foul Ball, location: 2F 2-1: Foul Ball, location: 2F 2-2: Fly out, F5 (Flyball, 5D, EV 94.4 MPH)
|
| Bottom of the 6th over - 0 runs, 0 hits, 0 errors, 1 left on base; Charlotte 8 - Birmingham 8 |
| TOP OF THE 7TH |
|
Charlotte Hornets batting - Pitching for Birmingham Barons : LHP Randall Boyce
|
|
Batting: RHB Juan Bonilla
|
0-0: Ball 1-0: Called Strike 1-1: Foul Ball, location: 2F 1-2: Foul Ball, location: 2F 1-2: Ball 2-2: Ball 3-2: Foul Ball, location: 2F 3-2: Reached on error, E5 (Groundball, 56S, EV 57.5 MPH)
|
|
Batting: RHB Ed Jurak
|
0-0: Swinging Strike 0-1: Ball 1-1: Ball 2-1: Ball 3-1: SINGLE (Line Drive, 9S, EV 96.9 MPH) Juan Bonilla to second
|
|
Batting: RHB Mickey Klutts
|
0-0: Foul Ball, location: 2F 0-1: Ball 1-1: Foul Ball, location: 2F 1-2: Fly out, F3 (Line Drive, 3, EV 62.5 MPH)
|
|
Batting: RHB Luther Wrenn
|
0-0: Ball 1-0: Fly out, F9 (Flyball, 9LD, EV 89.4 MPH) Runner from 2nd tags up, SAFE at 3rd, no throw by RF
|
|
Batting: RHB David Peterson
|
0-0: Ball 1-0: Swinging Strike 1-1: Ground out 4-3 (Groundball, 34, EV 102.5 MPH)
|
| Top of the 7th over - 0 runs, 1 hit, 1 error, 2 left on base; Charlotte 8 - Birmingham 8 |
| BOTTOM OF THE 7TH |
|
Birmingham Barons batting - Pitching for Charlotte Hornets : RHP Doug Neuenschwander
|
|
Pitching: RHP Tom Hausman
|
|
|
Batting: RHB Darrell Vosejpka
|
0-0: Ball 1-0: Foul Ball, location: 2F 1-1: Ball 2-1: Ball 3-1: Base on Balls
|
|
Batting: RHB Nick Hernandez
|
0-0: Called Strike 0-1: Ball 1-1: Foul Ball, location: 2F 1-2: Fly out, F7 (Line Drive, 7D, EV 95.0 MPH)
|
|
Batting: SHB Giampietro Pasquetto
|
0-0: Ball 1-0: Ball 2-0: Ball 3-0: Called Strike 3-1: Foul Ball, location: 2F 3-2: Ground out 6-3 (Groundball, 4MS, EV 80.0 MPH) Darrell Vosejpka to second
|
|
Batting: SHB James Wallace
|
0-0: Ground out U3 (Groundball, 3, EV 80.6 MPH)
|
| Bottom of the 7th over - 0 runs, 0 hits, 0 errors, 1 left on base; Charlotte 8 - Birmingham 8 |
| TOP OF THE 8TH |
|
Charlotte Hornets batting - Pitching for Birmingham Barons : LHP Randall Boyce
|
|
Batting: RHB Richard Bass
|
0-0: Foul Ball, location: 2F 0-1: Swinging Strike 0-2: Strikes out swinging
|
|
Batting: RHB Tom Romano
|
0-0: Called Strike 0-1: Called Strike 0-2: Strikes out swinging
|
|
Batting: RHB Guy Sularz
|
0-0: Ball 1-0: Ball 2-0: Fly out, F7 (Flyball, 7S, EV 86.3 MPH)
|
| Top of the 8th over - 0 runs, 0 hits, 0 errors, 0 left on base; Charlotte 8 - Birmingham 8 |
| BOTTOM OF THE 8TH |
|
Birmingham Barons batting - Pitching for Charlotte Hornets : RHP Tom Hausman
|
|
Batting: SHB Rod Craig
|
0-0: Ball 1-0: Foul Ball, location: 2F 1-1: Fly out, F6 (Popup, 6MS, EV 84.4 MPH)
|
|
Batting: RHB Alfred Welch
|
0-0: Swinging Strike 0-1: Ball 1-1: Swinging Strike 1-2: Ball 2-2: Ball 3-2: Strikes out looking
|
|
Batting: LHB Ronald Little
|
0-0: Swinging Strike 0-1: Foul Ball, location: 2F 0-2: Ball 1-2: Strikes out swinging
|
| Bottom of the 8th over - 0 runs, 0 hits, 0 errors, 0 left on base; Charlotte 8 - Birmingham 8 |
| TOP OF THE 9TH |
|
Charlotte Hornets batting - Pitching for Birmingham Barons : LHP Randall Boyce
|
|
Pitching: RHP Ted Power
|
|
|
Batting: RHB Don Lyle
|
0-0: Called Strike 0-1: Called Strike 0-2: Ball 1-2: Ball 2-2: Strikes out swinging
|
|
Batting: RHB Juan Bonilla
|
0-0: Called Strike 0-1: Ball 1-1: Foul Ball, location: 2F 1-2: Reached on error, E5 (Groundball, 56, EV 108.8 MPH)
|
|
Batting: RHB Ed Jurak
|
0-0: Ball 1-0: Ball 2-0: Ball 3-0: Called Strike 3-1: Base on Balls Juan Bonilla to second
|
|
Batting: RHB Mickey Klutts
|
0-0: Swinging Strike 0-1: Foul Ball, location: 2F 0-2: Strikes out swinging
|
|
Batting: RHB Ron Johnson
|
0-0: Ball 1-0: Ball 2-0: Called Strike 2-1: Called Strike 2-2: Ball 3-2: Base on Balls Juan Bonilla to third Ed Jurak to second
|
|
Pinch Hitting: LHB James Reeves
|
0-0: Swinging Strike 0-1: Ball 1-1: Ball 2-1: Ball 3-1: Base on Balls Juan Bonilla scores Ed Jurak to third Ron Johnson to second
|
|
Batting: RHB Richard Bass
|
0-0: Ground out 1-3 (Groundball, 13, EV 80.6 MPH)
|
| Top of the 9th over - 1 run, 0 hits, 1 error, 3 left on base; Charlotte 9 - Birmingham 8 |
| BOTTOM OF THE 9TH |
|
Birmingham Barons batting - Pitching for Charlotte Hornets : RHP Tom Hausman
|
|
Now at C: David Baker
|
|
|
Now at 3B: John O'Rear
|
|
|
Batting: LHB Vernon Ramie
|
0-0: Foul Ball, location: 2F 0-1: SINGLE (Line Drive, 78S, EV 106.9 MPH)
|
|
Pinch Hitting: LHB Mike L Hart
|
0-0: Ball 1-0: Ball 2-0: Called Strike 2-1: Fly out, F8 (Flyball, 78D, EV 100.0 MPH)
|
|
Pinch Hitting: LHB Donald Johnson
|
0-0: Swinging Strike 0-1: Swinging Strike 0-2: Strikes out swinging
|
|
Pinch Hitting: LHB Claude Sammons
|
0-0: Fly out, F9 (Line Drive, 9, EV 102.5 MPH)
|
| Bottom of the 9th over - 0 runs, 1 hit, 0 errors, 1 left on base; Charlotte 9 - Birmingham 8 |
|